[Event "Titled Tuesday Blitz July 25 Early 2023"]
[White "Alvarado Diaz, Alejandro"]
[Black "Al-Tarboush, Ward"]
[WhiteFideId "2276119"]
[BlackFideId "7601450"]
[WhiteElo "2411"]
[BlackElo "2576"]
[Result "0-1"]
[Round "3"]
[TimeControl "180+2"]
[Date "2023.07.25"]
[WhiteClock "0:00:01"]
[BlackClock "0:00:39"]
[Board "122"]

1. d4 d5 2. Bf4 Nf6 3. e3 c5 4. c3 Nc6 5. Nd2 Bf5 6. h3 e6 7. Ngf3 Bd6 8. Ne5 Bxe5 9. dxe5 Nd7 10. Nf3 Be4 11. Bb5 O-O 12. Bxc6 bxc6 13. O-O Qb8 14. Nd2 Bg6 15. Qb3 c4 16. Qxb8 Raxb8 17. b3 cxb3 18. axb3 Rb7 19. Ra3 f6 20. exf6 gxf6 21. Rfa1 Ra8 22. Bd6 Kf7 23. Ra6 c5 24. R6a5 Bc2 25. Bxc5 Bxb3 26. Rxa7 Raxa7 27. Rxa7 Rxa7 28. Bxa7 Ba2 29. e4 e5 30. exd5 Bxd5 31. f3 Ke6 32. Kf2 f5 33. c4 Bc6 34. Ke2 f4 35. Bf2 Nf6 36. Kd3 Kf5 37. Bh4 Nd7 38. Kc3 Nc5 39. Bf2 Ne6 40. Kb4 h5 41. Ka5 Nd4 42. Kb6 Ba4 43. Kc5 Nc2 44. Kd6 Ne3 45. c5 Nd1 46. Be1 Nc3 47. c6 Nb5+ 48. Kd7 Nd4 0-1


[Site "https://www.chess.com"]

[Event "Titled Tuesday Blitz July 25 Early 2023"]
[White "Vlassov, Nikolai"]
[Black "Tobak, Mikhail"]
[WhiteFideId "4103360"]
[BlackFideId "14165570"]
[WhiteElo "2576"]
[BlackElo "2400"]
[Result "0-1"]
[Round "3"]
[TimeControl "180+2"]
[Date "2023.07.25"]
[WhiteClock "0:00:09"]
[BlackClock "0:00:20"]
[Board "123"]

1. e4 Nf6 2. e5 Nd5 3. c4 Nb6 4. d4 d6 5. f4 dxe5 6. fxe5 Nc6 7. Be3 Bf5 8. Nc3 e6 9. Nf3 Qd7 10. Bd3 Bg4 11. O-O O-O-O 12. d5 exd5 13. Bxb6 axb6 14. cxd5 Bxf3 15. dxc6 Bc5+ 16. Kh1 Qxd3 17. Qxf3 Qxf3 18. Rxf3 bxc6 19. Rxf7 Rd7 20. e6 Rxf7 21. exf7 Rf8 22. Rf1 Kd7 23. Ne4 Be7 24. g4 Ke6 25. Kg2 Rxf7 26. Re1 Kd7 27. a4 Bd6 28. b3 Re7 29. h3 Re5 30. Kf3 Rd5 31. Re3 Bc5 32. Nxc5+ Rxc5 33. Kf4 g5+ 34. Ke4 Kd6 35. Rf3 Re5+ 36. Kd4 c5+ 37. Kc4 Re4+ 38. Kd3 Rb4 39. Kc3 Rf4 40. Rd3+ Kc6 41. Re3 h5 42. gxh5 Rh4 43. Rg3 Rxh5 44. Kb2 Kd5 45. Kc3 c6 46. Rd3+ Ke4 47. Kc4 Rh4 48. Rd6 Ke5+ 0-1


[Site "https://www.chess.com"]

[Event "Titled Tuesday Blitz July 25 Early 2023"]
[White "Filgueira, Hernan"]
[Black "Haraguchi, Diego Sashaki"]
[WhiteFideId "101770"]
[BlackFideId "22729925"]
[WhiteElo "2573"]
[BlackElo "2398"]
[Result "1/2-1/2"]
[Round "3"]
[TimeControl "180+2"]
[Date "2023.07.25"]
[WhiteClock "0:00:31"]
[BlackClock "0:00:23"]
[Board "124"]

1. c4 e5 2. Nc3 Nf6 3. Nf3 Nc6 4. g3 Bb4 5. Bg2 O-O 6. Nd5 Bc5 7. d3 h6 8. O-O d6 9. a3 a5 10. b3 Nxd5 11. cxd5 Nd4 12. Bb2 Nxf3+ 13. exf3 Bf5 14. d4 exd4 15. Bxd4 Bc2 16. Qd2 Bxd4 17. Qxd4 Bxb3 18. a4 Qf6 19. Qd3 Qb2 20. Rfb1 Bc2 21. Rxb2 Bxd3 22. Rxb7 Rfd8 23. Rxc7 Rac8 24. Rac1 Rxc7 25. Rxc7 Rb8 26. h4 Rb1+ 27. Kh2 Rb2 28. Ra7 Rxf2 29. Kg1 Ra2 30. Rxa5 Bc2 31. Ra8+ Kh7 32. a5 Bd3 33. g4 g5 34. hxg5 hxg5 35. Rd8 Rxa5 36. Rxd6 Bc4 37. Kh2 Rxd5 38. Rxd5 Bxd5 39. Kg3 Kg6 40. Bf1 f6 41. f4 1/2-1/2


[Site "https://www.chess.com"]

[Event "Titled Tuesday Blitz July 25 Early 2023"]
[White "Omariev, Maksim"]
[Black "Shishkov, Andrei"]
[WhiteFideId "4193423"]
[BlackFideId "4500563"]
[WhiteElo "2391"]
[BlackElo "2570"]
[Result "1-0"]
[Round "3"]
[TimeControl "180+2"]
[Date "2023.07.25"]
[WhiteClock "0:00:08"]
[BlackClock "0:00:07"]
[Board "125"]

1. e4 d5 2. exd5 Nf6 3. Nf3 Nxd5 4. d4 Bg4 5. Be2 e6 6. O-O Nc6 7. h3 Bh5 8. c4 Nb6 9. b3 Bxf3 10. Bxf3 Nxd4 11. Bxb7 Rb8 12. Be4 Be7 13. Be3 Bf6 14. Nc3 O-O 15. Qd3 g6 16. Rad1 c5 17. Ne2 e5 18. f4 Nd7 19. Kh1 Bg7 20. f5 Nf6 21. Ng3 Qb6 22. Bg5 Rbd8 23. Qe3 Nxe4 24. Qxe4 f6 25. Be3 g5 26. h4 h6 27. Nh5 Qc7 28. Qg4 Rd6 29. hxg5 fxg5 30. Bxg5 hxg5 31. Qxg5 Qf7 32. f6 Rxf6 33. Nxf6+ Kh8 34. Qh4+ 1-0


[Site "https://www.chess.com"]

[Event "Titled Tuesday Blitz July 25 Early 2023"]
[White "Vovk, Orest"]
[Black "Tarasova, Viktoriya"]
[WhiteFideId "14113490"]
[BlackFideId "4175840"]
[WhiteElo "2569"]
[BlackElo "2392"]
[Result "1-0"]
[Round "3"]
[TimeControl "180+2"]
[Date "2023.07.25"]
[WhiteClock "0:01:33"]
[BlackClock "0:00:11"]
[Board "126"]

1. g4 d5 2. h3 h5 3. g5 e5 4. Bg2 c6 5. d4 e4 6. c4 h4 7. Nc3 Be7 8. Qb3 Be6 9. g6 Qb6 10. gxf7+ Bxf7 11. c5 Qxb3 12. axb3 Bf6 13. e3 Nd7 14. b4 Ne7 15. b5 O-O 16. b4 Rfc8 17. f3 exf3 18. Nxf3 Nf5 19. O-O Ng3 20. Rf2 Bg6 21. Rfa2 cxb5 22. Rxa7 Rxa7 23. Rxa7 Rb8 24. Nxd5 Ne2+ 25. Kf2 Nxc1 26. Nxf6+ Nxf6 27. Nxh4 Nd3+ 28. Ke2 Bh7 29. Rxb7 Rxb7 30. Bxb7 Nxb4 31. c6 Nfd5 32. Nf3 Kf7 33. Ng5+ Kg6 34. Nxh7 Kxh7 35. e4 Nc7 36. d5 Ncxd5 37. exd5 Nxd5 38. Kd3 Kg6 39. Kd4 Nc7 40. Kc5 Kf6 41. Kb6 b4 42. Kxc7 b3 43. Ba6 b2 44. Bd3 Ke5 45. Kd7 1-0


[Site "https://www.chess.com"]

[Event "Titled Tuesday Blitz July 25 Early 2023"]
[White "Fernandez, Fernando"]
[Black "Eggleston, Thomas A"]
[WhiteFideId "3802299"]
[BlackFideId "412139"]
[WhiteElo "2568"]
[BlackElo "2390"]
[Result "1-0"]
[Round "3"]
[TimeControl "180+2"]
[Date "2023.07.25"]
[WhiteClock "0:00:05"]
[BlackClock "0:00:12"]
[Board "127"]

1. Nf3 Nf6 2. g3 d5 3. Bg2 e6 4. O-O c5 5. d4 Nc6 6. c4 dxc4 7. Qa4 Bd7 8. Qxc4 cxd4 9. Nxd4 Rc8 10. Nc3 Be7 11. Rd1 Nb4 12. Qb3 Qb6 13. Bf4 O-O 14. a3 e5 15. Bxe5 Ng4 16. Bxg7 Kxg7 17. axb4 Qxb4 18. Qxb4 Bxb4 19. Rxa7 Rc7 20. Nd5 Bc5 21. Nxc7 Bxa7 22. h3 Ne5 23. Nd5 Rc8 24. e3 Nc4 25. b3 Na5 26. Ne7 Rc3 27. Ndf5+ Bxf5 28. Nxf5+ Kf6 29. Nd6 Rxb3 30. Nxf7 Rb2 31. Nd6 Nb3 32. Nxb7 Nd2 33. Nd6 Ke5 34. Rxd2 Rb1+ 35. Kh2 Bc5 36. Ne4 Be7 37. f4+ Ke6 38. g4 Kf7 39. g5 Kg6 40. Re2 Bb4 41. Kg3 Be1+ 42. Kg4 h5+ 43. gxh6 Kxh6 44. Rc2 Ba5 45. Rc6+ Kg7 46. Ra6 Be1 47. Ng5 Rb2 48. Ra7+ Kf6 49. Rf7+ Kg6 50. Be4+ Kh6 51. Rh7# 1-0


[Site "https://www.chess.com"]

[Event "Titled Tuesday Blitz July 25 Early 2023"]
[White "Ibadov, Dashgyn"]
[Black "Rosenberg, Evan S"]
[WhiteFideId "24107514"]
[BlackFideId "2019299"]
[WhiteElo "2566"]
[BlackElo "2390"]
[Result "1-0"]
[Round "3"]
[TimeControl "180+2"]
[Date "2023.07.25"]
[WhiteClock "0:00:07"]
[BlackClock "0:00:05"]
[Board "128"]

1. e4 c5 2. Nf3 g6 3. c3 d5 4. exd5 Qxd5 5. d4 Bg7 6. Na3 cxd4 7. Nb5 Na6 8. Nbxd4 Nf6 9. Bxa6 bxa6 10. O-O O-O 11. Re1 Re8 12. Qb3 Bb7 13. c4 Qd7 14. Be3 Rab8 15. Qc2 Be4 16. Qd2 e5 17. Nb3 Bxf3 18. Qxd7 Nxd7 19. gxf3 Rec8 20. c5 a5 21. Rad1 a4 22. Rxd7 axb3 23. axb3 Rxb3 24. Rxa7 Rxb2 25. Rd1 Rc2 26. Rdd7 Rf8 27. Kg2 h6 28. Rac7 g5 29. Kg3 Bf6 30. Kg4 Rc4+ 31. Kf5 Kg7 32. Rd6 Bd8 33. Rcd7 Ba5 34. c6 Bb4 35. Rg6+ Kh7 36. c7 Ba5 37. Rf6 Rxc7 38. Rdd6 Bb4 39. Rxh6+ Kg7 40. Ra6 Be7 41. Rhc6 Rd7 42. Bxg5 Bxg5 43. Kxg5 Rh8 44. h4 Rd2 45. Rc7 Rxf2 46. Rg6+ Kh7 47. Rxf7# 1-0


[Site "https://www.chess.com"]

[Event "Titled Tuesday Blitz July 25 Early 2023"]
[White "Trifan, Andrei Ioan"]
[Black "Qiao, Cindy"]
[WhiteFideId "12967068"]
[BlackFideId "2620243"]
[WhiteElo "2565"]
[BlackElo "2388"]
[Result "1-0"]
[Round "3"]
[TimeControl "180+2"]
[Date "2023.07.25"]
[WhiteClock "0:00:37"]
[BlackClock "0:00:07"]
[Board "129"]

1. e4 d5 2. exd5 Qxd5 3. Nc3 Qd6 4. d4 Nf6 5. Nf3 g6 6. Bc4 Bg7 7. Ne5 O-O 8. Bf4 Qd8 9. Qf3 Qxd4 10. Rd1 Qb6 11. Nxf7 Be6 12. Ne5 Bxc4 13. Nxc4 Qe6+ 14. Qe2 Qxe2+ 15. Kxe2 c6 16. Rhe1 Nbd7 17. Kf1 Rae8 18. Bg3 Nb6 19. Na5 Nfd5 20. Nxd5 Nxd5 21. c3 e5 22. Re2 Re7 23. Rde1 Rfe8 24. Nc4 e4 25. Nd6 Rf8 26. Nxe4 Ref7 27. Ng5 Rf5 28. Ne6 R8f7 29. Kg1 Bf6 30. Nc5 Kg7 31. Ne6+ Kg8 32. h3 h5 33. a3 Bg7 34. Nd8 Rf8 35. Nxb7 R5f7 36. Nd6 Rd7 37. Nc4 Nf4 38. Bxf4 Rxf4 39. Ne5 Bxe5 40. Rxe5 Rd2 41. R1e2 Rd1+ 42. Kh2 Rd7 43. Re6 1-0


[Site "https://www.chess.com"]

[Event "Titled Tuesday Blitz July 25 Early 2023"]
[White "Pershina, Elena"]
[Black "Fonseca Manrique, Enrique"]
[WhiteFideId "24147516"]
[BlackFideId "5114330"]
[WhiteElo "2386"]
[BlackElo "2564"]
[Result "1-0"]
[Round "3"]
[TimeControl "180+2"]
[Date "2023.07.25"]
[WhiteClock "0:01:13"]
[BlackClock "0:01:33"]
[Board "130"]

1. c4 e5 2. Nc3 Nf6 3. g3 Nc6 4. Bg2 Bb4 5. Nd5 O-O 6. a3 Bc5 7. Nc3 d6 8. e3 Be6 9. d3 Qd7 10. h3 a6 11. Nge2 Bb6 12. b4 Rfe8 13. Bb2 Rad8 14. Nd5 Bxd5 15. cxd5 Ne7 16. Qb3 Ng6 17. O-O h5 18. Rac1 h4 19. g4 Nh7 20. Nc3 Ng5 21. Ne4 Qe7 22. a4 Rc8 23. a5 Ba7 24. b5 1-0


[Site "https://www.chess.com"]

[Event "Titled Tuesday Blitz July 25 Early 2023"]
[White "Thecourseoisildur"]
[Black "Melikhov, Evgeny V."]
[BlackFideId "4122046"]
[WhiteElo "2564"]
[BlackElo "2386"]
[Result "1-0"]
[Round "3"]
[TimeControl "180+2"]
[Date "2023.07.25"]
[WhiteClock "0:01:18"]
[BlackClock "0:00:08"]
[Board "131"]

1. e4 e5 2. Nf3 Nc6 3. d4 exd4 4. Nxd4 Bc5 5. Nb3 Bb6 6. Nc3 a5 7. a4 Nf6 8. Bg5 d6 9. Nd5 Be6 10. Bxf6 gxf6 11. Nxb6 cxb6 12. Bb5 O-O 13. Bxc6 bxc6 14. Nd4 Qd7 15. Qf3 d5 16. O-O-O Bg4 17. Qxf6 Qd8 18. Qxd8 Raxd8 19. f3 c5 20. fxg4 cxd4 21. Rxd4 dxe4 22. Rxe4 f5 23. gxf5 Rxf5 24. Rhe1 Rf2 25. R4e2 Rf4 26. b3 b5 27. axb5 a4 28. Re8+ Rxe8 29. Rxe8+ Kf7 30. Rh8 axb3 31. cxb3 Rf1+ 32. Kd2 Rf2+ 33. Ke3 Rxg2 34. Rxh7+ Ke6 35. b6 Rb2 36. b7 Rxb3+ 37. Kd4 Kd6 38. h4 Kc6 39. h5 Rb4+ 40. Ke5 Rb5+ 41. Kf4 Rb4+ 42. Kf5 Rb5+ 43. Ke6 Rb1 44. h6 Re1+ 45. Kf5 Rf1+ 46. Ke4 Re1+ 47. Kf3 Rf1+ 48. Ke2 Rb1 49. Rg7 Kd6 50. h7 1-0


[Site "https://www.chess.com"]

[Event "Titled Tuesday Blitz July 25 Early 2023"]
[White "Topalov, Aleksandar"]
[Black "Roebers, Eline"]
[WhiteFideId "925659"]
[BlackFideId "1058401"]
[WhiteElo "2384"]
[BlackElo "2564"]
[Result "0-1"]
[Round "3"]
[TimeControl "180+2"]
[Date "2023.07.25"]
[WhiteClock "0:01:18"]
[BlackClock "0:00:53"]
[Board "132"]

1. b3 a5 2. a3 b6 3. Bb2 Bb7 4. Nf3 d6 5. c4 e5 6. d3 f5 7. Nc3 Nf6 8. e3 g6 9. Be2 Bg7 10. O-O O-O 11. Qc2 Nbd7 12. b4 Qe7 13. Nb5 c6 14. Nc3 h6 15. bxa5 Rxa5 16. a4 g5 17. Ba3 f4 18. exf4 gxf4 19. Rfe1 Nh7 20. Bf1 Rf6 21. Ne4 Rg6 22. g3 c5 23. Bg2 h5 24. Nh4 Re6 25. Bc1 fxg3 26. hxg3 Qf7 27. Nf6+ Ndxf6 28. Bd2 Ra8 29. Nf5 Bxg2 30. Kxg2 Ng4 0-1


[Site "https://www.chess.com"]

[Event "Titled Tuesday Blitz July 25 Early 2023"]
[White "Harriott, Tyrell"]
[Black "To, Nhat Minh"]
[WhiteFideId "2086484"]
[BlackFideId "729019"]
[WhiteElo "2372"]
[BlackElo "2563"]
[Result "1-0"]
[Round "3"]
[TimeControl "180+2"]
[Date "2023.07.25"]
[WhiteClock "0:02:42"]
[BlackClock "0:01:59"]
[Board "133"]

1. d4 Nf6 2. e3 d5 3. Bd3 c5 4. c3 Nc6 5. f4 Bg4 6. Ne2 e6 7. Nd2 Bd6 8. O-O O-O 9. Nf3 Bf5 10. Ng3 Ne4 11. Bxe4 Bxe4 12. Nd2 Bd3 13. Re1 b5 14. dxc5 Be7 15. Nb3 Bc4 16. Nd4 1-0


[Site "https://www.chess.com"]

[Event "Titled Tuesday Blitz July 25 Early 2023"]
[White "Sahil, Tickoo"]
[Black "Ezat, Mohamed"]
[WhiteFideId "5019710"]
[BlackFideId "10600906"]
[WhiteElo "2368"]
[BlackElo "2563"]
[Result "0-1"]
[Round "3"]
[TimeControl "180+2"]
[Date "2023.07.25"]
[WhiteClock "0:00:08"]
[BlackClock "0:00:39"]
[Board "134"]

1. d4 Nf6 2. c4 g6 3. Nc3 Bg7 4. e4 d6 5. Nf3 O-O 6. Be2 e5 7. O-O Nc6 8. dxe5 dxe5 9. Bg5 Qxd1 10. Raxd1 Bg4 11. Be3 Rfd8 12. h3 Bxf3 13. Bxf3 Nd4 14. Nd5 Ne6 15. Nxf6+ Bxf6 16. Rxd8+ Rxd8 17. Rd1 Rxd1+ 18. Bxd1 h5 19. g3 Be7 20. h4 Bc5 21. Bd2 Bd4 22. b3 Nc5 23. Bc2 b6 24. Kf1 a5 25. Ke2 Kf8 26. f4 f6 27. a3 Kf7 28. b4 axb4 29. axb4 Ne6 30. Bb3 Ke7 31. Kf3 Bb2 32. Be3 Bc3 33. b5 Bb4 34. fxe5 fxe5 35. g4 Bc5 36. Bg5+ Nxg5+ 37. hxg5 h4 38. Kg2 Be3 39. Bd1 Bxg5 40. Be2 Kd6 41. Bf1 Kc5 42. Kf3 Kd4 43. Be2 Bf4 44. Bf1 g5 45. Be2 h3 46. Bf1 h2 47. Bg2 Kxc4 48. Bf1+ Kc5 49. Kg2 Kd4 0-1


[Site "https://www.chess.com"]

[Event "Titled Tuesday Blitz July 25 Early 2023"]
[White "Eynullayev, Altay"]
[Black "Bellissimo, Joseph F."]
[WhiteFideId "13413562"]
[BlackFideId "2609843"]
[WhiteElo "2561"]
[BlackElo "2365"]
[Result "1/2-1/2"]
[Round "3"]
[TimeControl "180+2"]
[Date "2023.07.25"]
[WhiteClock "0:00:21"]
[BlackClock "0:00:13"]
[Board "135"]

1. e4 e6 2. d4 d5 3. e5 c5 4. c3 Nc6 5. Nf3 Qb6 6. a3 Nh6 7. Bd3 cxd4 8. O-O dxc3 9. Nxc3 Bd7 10. b4 Be7 11. Na4 Qc7 12. Bxh6 gxh6 13. Rc1 a6 14. Nc5 Bxc5 15. Rxc5 O-O 16. Qd2 Kg7 17. Qf4 Qd8 18. Qg4+ Kh8 19. Qh5 Kg7 20. Re1 f5 21. Qh3 Be8 22. Nh4 Bg6 23. g3 Rc8 24. Rec1 Qd7 25. f4 Nd4 26. Qg2 Rxc5 27. Rxc5 Rc8 28. Qb2 Rxc5 29. bxc5 Qa4 30. Qxb7+ Bf7 31. Qe7 Qd1+ 32. Bf1 Nc2 33. Qf6+ Kf8 34. Qd8+ Kg7 35. Qf6+ Kf8 36. Ng2 Qd4+ 37. Kh1 Qd1 38. Qxh6+ Ke8 39. Kg1 Qd4+ 40. Kh1 Qd1 41. Kg1 Qd4+ 42. Kh1 Qd1 1/2-1/2


[Site "https://www.chess.com"]

[Event "Titled Tuesday Blitz July 25 Early 2023"]
[White "TomLiu777"]
[Black "Ilkhomi, Jaloliddin"]
[BlackFideId "14700948"]
[WhiteElo "2360"]
[BlackElo "2561"]
[Result "0-1"]
[Round "3"]
[TimeControl "180+2"]
[Date "2023.07.25"]
[WhiteClock "0:00:24"]
[BlackClock "0:01:40"]
[Board "136"]

1. c4 Nf6 2. Nc3 e6 3. e4 d5 4. cxd5 exd5 5. e5 d4 6. exf6 dxc3 7. Bb5+ c6 8. Qe2+ Be6 9. Bc4 Qxf6 10. dxc3 Be7 11. Bxe6 Qxe6 12. Qxe6 fxe6 13. Nf3 Nd7 14. O-O Kf7 15. Re1 Rhe8 16. Bg5 Bf6 17. Rad1 Rad8 18. Kf1 h6 19. Be3 Nb6 20. Bc5 Rd5 21. Bd4 Red8 22. Ke2 c5 23. Bxf6 gxf6 24. Rxd5 exd5 25. Kd3 Nc4 26. b3 Nd6 27. Nd2 h5 28. h4 Nf5 29. g3 Nh6 30. f3 Nf5 31. Nf1 Rg8 32. Re2 Nxg3 33. Nxg3 Rxg3 34. Ke3 Rh3 35. Rd2 Ke6 36. Rg2 Rxh4 37. Rg7 Rh2 38. a4 b6 39. Rxa7 Rb2 40. b4 cxb4 41. cxb4 Rxb4 42. Ra6 Ke5 43. f4+ Rxf4 44. Rxb6 Rxa4 45. Rb8 h4 46. Re8+ Kf5 47. Rd8 d4+ 48. Kf3 Ra3+ 49. Kg2 Ke4 50. Rh8 h3+ 51. Kh1 f5 52. Rh4+ f4 53. Rh8 d3 0-1


[Site "https://www.chess.com"]

[Event "Titled Tuesday Blitz July 25 Early 2023"]
[White "Yurovskykh, Oleksandr"]
[Black "Smiechu"]
[WhiteFideId "14134020"]
[WhiteElo "2557"]
[BlackElo "2354"]
[Result "1-0"]
[Round "3"]
[TimeControl "180+2"]
[Date "2023.07.25"]
[WhiteClock "0:00:15"]
[BlackClock "0:00:03"]
[Board "137"]

1. c4 Nf6 2. g3 c5 3. Bg2 Nc6 4. Nc3 g6 5. e3 Bg7 6. Nge2 O-O 7. O-O e5 8. d3 d6 9. Nd5 Be6 10. Nec3 Bxd5 11. cxd5 Ne7 12. Rb1 Ne8 13. b4 b6 14. bxc5 bxc5 15. Qa4 f5 16. Bd2 f4 17. Bh3 Nf5 18. Rb7 Qg5 19. exf4 Qh5 20. Bxf5 Qxf5 21. Ne4 h6 22. Qd7 Rf7 23. Qxf5 gxf5 24. Rxf7 fxe4 25. Rxg7+ Kxg7 26. fxe5 exd3 27. f4 c4 28. Bc3 Kf7 29. Re1 Rb8 30. Kf2 Rb5 31. Re4 Rxd5 32. Ke3 dxe5 33. fxe5 Ke6 34. Rxc4 d2 35. Bxd2 Rxe5+ 36. Kd3 Nd6 37. Rc6 Rd5+ 38. Kc2 Kd7 39. Ra6 Nb5 40. Bxh6 Rh5 41. h4 Nc7 42. Rg6 Ne6 43. Be3 Re5 44. Kd3 Rd5+ 45. Ke2 Ra5 46. g4 Rxa2+ 47. Kf3 Ke7 48. h5 Kf7 49. Rh6 Ra3 50. Rh7+ Kg8 51. Re7 Ng5+ 52. Kf4 Nh3+ 53. Kg3 Ng5 54. h6 Nf7 55. h7+ Kg7 56. Rxf7+ 1-0


[Site "https://www.chess.com"]

[Event "Titled Tuesday Blitz July 25 Early 2023"]
[White "Fiorito, Francisco"]
[Black "Andrews, Todd"]
[WhiteFideId "180165"]
[BlackFideId "2012456"]
[WhiteElo "2556"]
[BlackElo "2346"]
[Result "0-1"]
[Round "3"]
[TimeControl "180+2"]
[Date "2023.07.25"]
[WhiteClock "0:00:10"]
[BlackClock "0:00:14"]
[Board "138"]

1. e4 e6 2. d3 d5 3. Nd2 Nf6 4. g3 Nc6 5. Bg2 Bc5 6. Ngf3 dxe4 7. dxe4 e5 8. O-O O-O 9. c3 a5 10. Qe2 Qe7 11. Nc4 b6 12. Bg5 Ba6 13. b3 h6 14. Bxf6 Qxf6 15. h4 Rfd8 16. Rad1 a4 17. Qc2 axb3 18. axb3 Bxc4 19. bxc4 Qe6 20. Rd5 f6 21. Kh2 Na5 22. Qd3 Be7 23. Rd1 Qc6 24. Nd2 Nb7 25. Bh3 Nc5 26. Nf1 Nxd3 27. R1xd3 Qxc4 28. Be6+ Kh7 29. Rxd8 Qxe4 30. Bd5 Qxd3 31. Bg8+ Kh8 32. Rxa8 Qxc3 33. h5 g5 34. hxg6 Kg7 35. Bf7 f5 36. Ne3 Qd2 37. Kg1 Bc5 38. Ra2 Bxe3 39. Rxd2 Bxd2 40. Kf1 b5 41. Ke2 Bc3 42. Kd3 Bd4 43. f4 c5 44. Be8 c4+ 45. Kc2 b4 46. Bf7 c3 47. Kb3 exf4 48. gxf4 Be3 49. Be6 Kxg6 50. Bc4 Bxf4 51. Bd3 Bd6 52. Bc2 h5 53. Kc4 h4 54. Kd3 h3 55. Ke3 h2 56. Be4 fxe4 57. Kd4 h1=Q 58. Kc4 Qf3 59. Kb5 Qd3+ 60. Ka4 c2 61. Ka5 Bc7+ 62. Ka4 Qa3+ 63. Kb5 b3 64. Kc6 c1=Q+ 65. Kd7 Qd6+ 66. Kc8 Qd8+ 67. Kb7 Qb8+ 68. Ka6 Qa1# 0-1


[Site "https://www.chess.com"]

[Event "Titled Tuesday Blitz July 25 Early 2023"]
[White "Girinath, P.D.S."]
[Black "Przybylski, Wojciech"]
[WhiteFideId "5000572"]
[BlackFideId "1117599"]
[WhiteElo "2345"]
[BlackElo "2556"]
[Result "1-0"]
[Round "3"]
[TimeControl "180+2"]
[Date "2023.07.25"]
[WhiteClock "0:00:07"]
[BlackClock "0:00:20"]
[Board "139"]

1. e4 c5 2. Nf3 d6 3. Bb5+ Bd7 4. Bxd7+ Qxd7 5. O-O Nf6 6. e5 dxe5 7. Nxe5 Qc7 8. d4 cxd4 9. Bf4 Qb6 10. Na3 Nbd7 11. Nac4 Qc5 12. Re1 e6 13. Qf3 Nxe5 14. Nxe5 Qd5 15. Qh3 Be7 16. c4 Qd8 17. Nxf7 Kxf7 18. Qxe6+ Kf8 19. c5 Bxc5 20. Rac1 Qd7 21. Rxc5 Qxe6 22. Rxe6 Rd8 23. Rc7 d3 24. Bd2 Ne8 25. Rxb7 h6 26. Ree7 Kg8 27. Kf1 Kh7 28. Ke1 Rf8 29. Bc3 h5 30. f3 Rf5 31. Bxg7 d2+ 32. Kd1 Rg5 33. Bf6+ Kg6 34. Bxg5 Kxg5 35. Re2 Nd6 36. Rb4 Nf5 37. Rxd2 Re8 38. Rd5 Kg6 39. Kd2 a5 40. Rxa5 Rd8+ 41. Kc3 Rc8+ 42. Kb3 Ne3 43. Ra6+ Kf7 44. Rb7+ Kg8 45. Rab6 Rc5 46. Rb8+ Kf7 47. R8b7+ Kg8 48. Ra7 Rc8 49. Rbb7 Nf5 50. Rc7 Rb8+ 51. Ka3 Re8 52. b4 Nd6 53. Ka4 Rb8 54. Rd7 Nc4 55. Rdb7 Re8 56. Kb5 Nd6+ 57. Kc6 Nf5 58. Rd7 Re6+ 59. Kc5 Re8 60. Kc4 Rc8+ 61. Kb3 Re8 62. a4 Ne3 63. Kc3 Nf5 64. b5 Rc8+ 65. Kb4 Rb8 66. Ka5 Rf8 67. Ka6 Re8 68. b6 Ne3 69. a5 h4 70. Rac7 h3 71. gxh3 Nf5 72. b7 Ra8+ 73. bxa8=Q# 1-0


[Site "https://www.chess.com"]

[Event "Titled Tuesday Blitz July 25 Early 2023"]
[White "Dwilewicz, Katarzyna"]
[Black "Bagrationi, Alexander"]
[WhiteFideId "1148486"]
[BlackFideId "14104954"]
[WhiteElo "2344"]
[BlackElo "2556"]
[Result "0-1"]
[Round "3"]
[TimeControl "180+2"]
[Date "2023.07.25"]
[WhiteClock "0:00:33"]
[BlackClock "0:00:47"]
[Board "140"]

1. e4 c6 2. d4 d5 3. Nc3 dxe4 4. Nxe4 Nf6 5. Nxf6+ exf6 6. c3 Bd6 7. Bd3 Na6 8. Qc2 h5 9. Ne2 Nc7 10. Bf4 Nd5 11. Bxd6 Qxd6 12. O-O-O b5 13. Rhe1 O-O 14. Ng3 h4 15. Nf5 Bxf5 16. Bxf5 a5 17. g3 Rfe8 18. Re4 g6 19. Rxe8+ Rxe8 20. Bxg6 fxg6 21. Qxg6+ Kf8 22. Qh6+ Ke7 23. Qxh4 Kd7 24. Qg4+ Qe6 25. Qf3 Qe2 26. Qf5+ Kc7 27. h4 b4 28. c4 Qxc4+ 29. Kb1 Re2 30. h5 Nc3+ 31. bxc3 Qxa2+ 32. Kc1 Qb2# 0-1


[Site "https://www.chess.com"]

[Event "Titled Tuesday Blitz July 25 Early 2023"]
[White "FoxOnTheRun97"]
[Black "chessmateto"]
[WhiteElo "2554"]
[BlackElo "2343"]
[Result "1/2-1/2"]
[Round "3"]
[TimeControl "180+2"]
[Date "2023.07.25"]
[WhiteClock "0:00:13"]
[BlackClock "0:00:20"]
[Board "141"]

1. e4 c6 2. d4 d5 3. e5 Bf5 4. h4 h6 5. Nc3 e6 6. Nge2 c5 7. Be3 Nc6 8. Ng3 Bh7 9. Bb5 Qb6 10. O-O a6 11. Bxc6+ Qxc6 12. Nce2 b6 13. f4 Ne7 14. c3 Nf5 15. Nxf5 Bxf5 16. Ng3 g6 17. h5 Rg8 18. hxg6 fxg6 19. Nxf5 gxf5 20. Qh5+ Kd7 21. Rf3 Be7 22. Qh3 Rg6 23. Rg3 Rag8 24. Rxg6 Rxg6 25. Qh5 Rg3 26. Bf2 Rg4 27. Qxh6 cxd4 28. Bxd4 Qc4 29. Rf1 Bc5 30. Bxc5 Qxc5+ 31. Rf2 Qe3 32. Qh7+ Kc6 33. Qe7 Qe1+ 34. Rf1 Qe3+ 35. Rf2 Qe1+ 36. Rf1 Qe3+ 37. Rf2 1/2-1/2


[Site "https://www.chess.com"]

[Event "Titled Tuesday Blitz July 25 Early 2023"]
[White "Ambartsumova, Karina"]
[Black "Gavarrete, Nahun"]
[WhiteFideId "4166299"]
[BlackFideId "8400709"]
[WhiteElo "2551"]
[BlackElo "2342"]
[Result "1/2-1/2"]
[Round "3"]
[TimeControl "180+2"]
[Date "2023.07.25"]
[WhiteClock "0:00:08"]
[BlackClock "0:00:06"]
[Board "142"]

1. c4 e6 2. Nf3 d5 3. g3 Nf6 4. Bg2 c5 5. cxd5 exd5 6. d4 Nc6 7. O-O Be7 8. Nc3 O-O 9. dxc5 Bxc5 10. e3 Re8 11. b3 d4 12. Na4 dxe3 13. Qxd8 exf2+ 14. Kh1 Rxd8 15. Nxc5 b6 16. Na4 Ba6 17. Rxf2 Ne4 18. Be3 Nxf2+ 19. Bxf2 Rac8 20. h4 Nb4 21. a3 Nd3 22. Bd4 b5 23. Nb2 Nxb2 24. Bxb2 Rc2 25. Bd4 Bb7 26. Rd1 Ra2 27. Rc1 h6 28. Bg1 Rxg2 29. Kxg2 Rd2+ 30. Bf2 Rd3 31. Rc7 Bxf3+ 32. Kh2 Rd1 33. g4 Bxg4 34. Rxa7 Be6 35. a4 b4 36. a5 Rd2 37. Kg3 Bxb3 38. Rb7 Rd3+ 39. Kh2 Bd5 40. Rxb4 Rd2 41. Kg3 Ra2 42. Rb8+ Kh7 43. Bb6 g5 44. hxg5 hxg5 45. Rd8 Be6 46. Ra8 Ra3+ 47. Kf2 Bd5 48. Ra7 Kg6 49. Bd8 f5 50. Ra6+ Kh5 51. Rd6 Ra2+ 52. Ke3 Be4 53. Kd4 Ra3 54. Ke5 Kg4 55. Rd7 Rb3 56. Rg7 Rb5+ 57. Kf6 f4 58. Re7 Bd3 59. Rd7 Be4 60. Rd4 Bf3 61. Kg6 Rc5 62. Ra4 Rc6+ 63. Bf6 Be2 64. Ra2 f3 65. Kg7 Ra6 66. Ra4+ Kg3 67. Be5+ Kf2 68. Bd4+ Kg2 69. Ra2 g4 70. Bb6 g3 71. Kf6 Kf1 72. Ke5 f2 73. Ra1+ Kg2 74. Kf4 f1=Q+ 75. Rxf1 Bxf1 76. Ke3 Ra8 77. Kd4 Kf3 78. Kc5 g2 79. Kd6 Ra6 80. Kc7 Rxb6 81. axb6 g1=Q 82. b7 Qg7+ 83. Kd8 Qg8+ 84. Kc7 Qf7+ 85. Kb6 Qe8 86. Ka7 Qd7 87. Ka8 Qa4+ 88. Kb8 Bh3 89. Kc7 Qc4+ 90. Kb8 Bd7 91. Ka7 Qa4+ 92. Kb8 Bc6 93. Kc7 Qa7 94. Kd8 Qxb7 1/2-1/2


[Site "https://www.chess.com"]

[Event "Titled Tuesday Blitz July 25 Early 2023"]
[White "Kochiev, Ivan"]
[Black "K2JW"]
[WhiteFideId "2917890"]
[WhiteElo "2550"]
[BlackElo "2341"]
[Result "1-0"]
[Round "3"]
[TimeControl "180+2"]
[Date "2023.07.25"]
[WhiteClock "0:00:27"]
[BlackClock "0:00:05"]
[Board "143"]

1. e4 c6 2. d4 d5 3. Nc3 dxe4 4. Nxe4 Nf6 5. Nxf6+ exf6 6. c3 Bd6 7. Bd3 O-O 8. Ne2 Re8 9. O-O Nd7 10. Ng3 Nf8 11. f4 Qc7 12. f5 c5 13. Nh5 Qd8 14. d5 Be5 15. c4 g6 16. Qg4 Kh8 17. Ng3 Nd7 18. Bf4 Bd4+ 19. Kh1 Ne5 20. Bxe5 Bxe5 21. Qh4 g5 22. Qh5 Qc7 23. Ne4 Kg7 24. Nxg5 fxg5 25. f6+ Bxf6 26. Qxh7+ Kf8 27. Rxf6 Qe5 1-0


[Site "https://www.chess.com"]